 Dungeon Crawl Stone Soup version 0.28.0 (webtiles) character file.

Game seed: 8397680502769172756

51 fiver49 the Slasher (level 3, -4/29 HPs)
             Began as a Barachi Abyssal Knight on Feb 5, 2022.
             Was a Follower of Lugonu.
             Succumbed to Crazy Yiuf's poison
             ... on level 2 of the Dungeon.
             The game lasted 00:04:40 (2058 turns).

fiver49 the Slasher (Barachi Abyssal Knight)        Turns: 2058, Time: 00:04:41

Health: -4/29      AC:  6    Str: 14 (16) XL:     3   Next: 83%
Magic:  4/4        EV: 10    Int:  9 (10) God:    Lugonu [*.....]
Gold:   51         SH:  0    Dex: 10 (12) Spells: 2/2 levels left

rFire   . . .      SeeInvis .   a - +1 falchion
rCold   . . .      Faith    .   (no shield)
rNeg    . . .      Spirit   .   i - +1 ring mail "Ykaschaet" {Contam Fly rElec}
rPois   .          Reflect  .   (no helmet)
rElec   +          Harm     .   (no cloak)
rCorr   .          Rampage  .   (no gloves)
Will    .....                   (no boots)
Stlth   ..........              (no amulet)
HPRegen 0.09/turn               (no ring)
MPRegen 0.09/turn               (no ring)

@: mighty, lethally poisoned (-4 -> -29), flying, slow
A: amphibious, slowness 1, strong legs 1, +LOS
a: Hop, Renounce Religion, Depart the Abyss


You were on level 2 of the Dungeon.
You worshipped Lugonu.
Lugonu was aware of your devotion.
You visited 1 branch of the dungeon, and saw 2 of its levels.
You visited the Abyss 1 time.

You collected 51 gold pieces.

Inventory:

Hand Weapons
 a - a +1 falchion (weapon)
Armour
 b - a +0 leather armour
 d - a +0 chain mail
   (You found it on level 1 of the Dungeon)
 e - a +0 scale mail
   (You found it on level 1 of the Dungeon)
 i - the +1 ring mail "Ykaschaet" (worn) {Contam Fly rElec}
   (You found it on level 2 of the Dungeon)

   rElec:     It insulates you from electricity.
   Fly:       It grants you flight.
   Contam:    It causes magical contamination when unequipped.
Scrolls
 g - 2 scrolls of immolation {unknown}
 h - a scroll of amnesia {unknown}
Potions
 c - a potion of haste {unknown}
 f - a potion of degeneration


   Skills:
 - Level 3.6 Fighting
 + Level 4.9 Long Blades
 - Level 2.4 Armour
 - Level 1.1 Dodging
 - Level 1.5 Invocations


You had 2 spell levels left.
You didn't know any spells.
Your spell library was empty.

Dungeon Overview and Level Annotations

Branches:
Dungeon (2/15)

Altars:

Shops:
D:2 (

Annotations:
D:2 Crazy Yiuf


Innate Abilities, Weirdness & Mutations

You are amphibious.
You cover ground slowly.
You can hop short distances.
You have an extended range of vision and can be seen from far away.


Message History

You feel a build-up of mutagenic energy.
Unknown command.
You reach down and open the door.
There is an open door here.
A worm comes into view.
The worm closely misses you.
You barely miss the worm. The worm bites you!
You hit the worm.
The worm is lightly wounded.
You slash the worm! You punch the worm.
The worm is almost dead.
The worm barely misses you.
You hit the worm.
You kill the worm!
Lugonu accepts your kill.
No target in view!
f - 2 emerald potions (gained 1)
Found a stone staircase leading down.
There is a stone staircase leading down here.
You reach down and open the door.
A hobgoblin, a dart slug and an endoplasm come into view.
The hobgoblin shouts!
The endoplasm quivers.
The endoplasm moves out of view.
Found 12 stones.
You barely miss the hobgoblin.
The hobgoblin hits you but does no damage.
You hit the hobgoblin.
The hobgoblin is severely wounded.
The hobgoblin completely misses you.
You hit the hobgoblin.
You kill the hobgoblin!
Lugonu accepts your kill.
You slash the endoplasm!
You kill the endoplasm!
Lugonu accepts your kill. The dart slug launches a dart at you.
The slug dart hits you.
Found 8 stones and 17 gold pieces.
The dart slug bites you but does no damage.
There is an open door here.
You hit the dart slug.
The dart slug is lightly wounded.
You slash the dart slug!
The dart slug is almost dead.
The dart slug bites you but does no damage.
You hit the dart slug.
You kill the dart slug!
Lugonu accepts your kill.
No target in view!
Found 23 stones.
You see here 12 stones.
You now have 51 gold pieces (gained 17).
You see here 12 stones.
Found a mace.
Found a runed translucent door.
Crazy Yiuf shouts!
Crazy Yiuf laughs, "Millenium sanguine pizzabubble!"
There is an open door here.
There is a stone staircase leading down here.
A bat comes into view.
The bat completely misses you.
You slash the bat!
You kill the bat!
Lugonu accepts your kill.
You see here a bat corpse.
Found a stone staircase leading up.
You see here a bat corpse.
Found a stone staircase leading up.
There is an open door here.
There is an open door here.
You see here a +0 dagger.
You see here a +0 whip.
You see here a +0 whip.
You see here a +0 dagger.
You see here a +0 leather armour.
There is an open door here.
There is an open door here.
There is an open door here.
Press: ? - help, v - describe, . - travel
Here: Crazy Yiuf, wielding a +2 quarterstaff of chaos and wearing a +2 cloak of stealth (fire blocked by a runed translucent door)
The floor.
Unknown command.
You reach down and open the door.
You hit Crazy Yiuf but do no damage.
Crazy Yiuf hits you with a +2 quarterstaff of chaos!
You feel very mighty all of a sudden.
You are too injured to fight recklessly!
You are too injured to fight recklessly!
You are too injured to fight recklessly!
Okay, then.
You hit Crazy Yiuf.
Crazy Yiuf is moderately wounded.
Crazy Yiuf hits you with a +2 quarterstaff of chaos!
* * * LOW HITPOINT WARNING * * *
You are lethally poisoned!
Unknown command.
It was a potion of degeneration.
There was something very wrong with that liquid.
You feel weakened.
You feel dopey.
You feel clumsy.
You die...

.'..†......>#
.######.#.#.# ##
#.#.#.# #.##### #.#
### ############ ###
#..(....#..## ###..)#
#.........PP####@g...#
#.(.......PP.#..##...#
#.......#...#.### ###
#.......#######
#.......#
#.......#######
#...(.....##..#
#.........##..##
########'####..#


You could see Crazy Yiuf.

Vanquished Creatures
  An adder (D:2)
  A worm (D:2)
  3 dart slugs (D:2)
  An endoplasm (D:2)
  A giant cockroach (D:2)
  3 goblins
  4 hobgoblins (D:2)
  2 jackals (D:1)
  2 quokkas
  2 ball pythons (D:1)
  4 bats
  3 frilled lizards
  3 kobolds
  3 rats
33 creatures vanquished.

Notes
Turn   | Place    | Note
-------+----------+-------------------------------------------
     0 | Abyss:1  | fiver49 the Barachi Abyssal Knight began the quest for the
                  | Orb.
     0 | Abyss:1  | Reached XP level 1. HP: 18/18 MP: 2/2
    47 | Abyss:2  | Noticed a raiju
    48 | D:1      | Escaped the Abyss
    64 | D:1      | Noticed an electric eel
    65 | D:1      | Noticed an electric eel
   251 | D:1      | Reached skill level 3 in Long Blades
   414 | D:1      | Reached * piety under Lugonu
   496 | D:1      | Reached XP level 2. HP: 24/24 MP: 3/3
   904 | D:2      | Found Nycaquwe's Antique Weapon Emporium.
  1133 | D:2      | Reached skill level 4 in Long Blades
  1162 | D:2      | Reached XP level 3. HP: 25/29 MP: 4/4
  1452 | D:2      | Identified the +1 ring mail "Ykaschaet" {Contam Fly rElec}
  1679 | D:2      | Found a runed translucent door.
  1680 | D:2      | Noticed Crazy Yiuf
  2057 | D:2      | HP: 2/29 [Crazy Yiuf (14)]
  2058 | D:2      | Succumbed to Crazy Yiuf's poison

Illustrated notes

Levels and vault maps discovered:
D:1:      arrival_aquarium_b, layout_basic
D:2:      layout_basic, serial_shops, shop, uniq_crazy_yiuf_cottage

Skill      XL: |  1  2 |
---------------+-------+-----
Long Blades    | 3 4 |  4.9
Fighting       | |  3.6
Armour         | |  2.4
Dodging        | |  1.1
Invocations    | |  1.5

Action                   || total
-------------------------++-------
Melee: Falchion          ||    88
       Punch             ||     2
Invok: Depart the Abyss  ||     1
  Use: Potion            ||     1
Armor: Leather armour    ||    13
       Chain mail        ||    25
       Ring mail         ||     3
Dodge: Dodged            ||    54

Table legend: (Time is in decaauts)
 A = Elapsed time spent in this place.
 B = Non-inter-level travel time spent in this place.
 C = Inter-level travel time spent in this place.
 D = Time resting spent in this place.
 E = Time spent auto-exploring this place.
 F = Levels seen in this place.
 G = Mean time per level.
                   A        B        C        D        E       F      G
               +--------+--------+--------+--------+--------+-----+--------+
         Total |   2339 |   2337 |      2 |    299 |   1646 |   4 |  584.8 |
       Dungeon |   2282 |   2280 |      2 |    299 |   1597 |   2 | 1141.0 |
         Abyss |     56 |     56 |      0 |      0 |     49 |   2 |   28.0 |
               +--------+--------+--------+--------+--------+-----+--------+

Top non-repeatable levels by time:
     D:2: 1236 daAuts
     D:1: 1046 daAuts
 Abyss:2: 54 daAuts
 Abyss:1: 2 daAuts

Table legend:
 A = Kills in this place as a percentage of kills in entire the game.
 B = Kills by you in this place as a percentage of kills by you in the entire game.
 C = Kills by friends in this place as a percentage of kills by friends in the entire game.
 D = Other kills in this place as a percentage of other kills in the entire game.
 E = Experience gained in this place as a percentage of experience gained in the entire game.
 F = Experience gained in this place divided by the number of levels of this place that you have seen.
                   A       B       C       D       E      F
               +-------+-------+-------+-------+-------+----------------------
         Total | 100.0 | 100.0 |   N/A |   N/A | 100.0 |  18.5
       Dungeon | 100.0 | 100.0 |   N/A |   N/A | 100.0 |  37.0
               +-------+-------+-------+-------+-------+----------------------
